 Seeded DCSS version 0.29.1-15-g9cfb28693d (webtiles) character file.

Game seed: 12690910291003819321 (custom seed)

226 Gelion the Sneak (level 6, 37/37 HPs)
             Began as a Kobold Brigand on Apr 27, 2023.
             Was an Initiate of Dithmenos.
             Quit the game on level 4 of the Dungeon.
             The game lasted 00:05:18 (3232 turns).

Gelion the Sneak (Kobold Brigand)                   Turns: 3232, Time: 00:05:19

Health: 37/37      AC:  8    Str:  8    XL:     6   Next: 22%
Magic:  6/6        EV: 15    Int: 16    God:    Dithmenos [......]
Gold:   209        SH:  0    Dex: 17    Spells: 5/5 levels left

rFire   . . .      SeeInvis +   a - +2 dagger
rCold   . . .      Faith    .   (no shield)
rNeg    . . .      Spirit   +   j - +5 robe of Night {Dark Will+ SInv}
rPois   .          Reflect  .   (helmet restricted)
rElec   .          Harm     .   c - +0 cloak
rCorr   .          Rampage  .   (no gloves)
Will    +....                   (no boots)
Stlth   +++++.....              h - amulet of guardian spirit
HPRegen 0.12/turn               (no ring)
MPRegen 0.10/turn               (no ring)

@: no status effects
A: small, no large weapons, nightstalker 3, antennae 1, clever 1, MP-powered
wands
a: Renounce Religion


You were on level 4 of the Dungeon.
You worshipped Dithmenos.
Dithmenos was noncommittal.
You visited 1 branch of the dungeon, and saw 4 of its levels.

You collected 209 gold pieces.

Inventory:

Hand Weapons
 a - a +2 dagger (weapon)
Missiles
 d - 11 poisoned darts (quivered)
 e - 3 curare-tipped darts
Armour
 c - a +0 cloak (worn)
 j - the +5 robe of Night (worn) {Dark Will+ SInv}
   (You found it on level 2 of the Dungeon)

   It shrouds the wearer in darkness, reducing the range at which they can see
   and be seen by others.
   SInv:      It lets you see invisible.
   Will:      It increases your willpower.
Jewellery
 b - a ring of wizardry
 h - an amulet of guardian spirit (around neck)
Wands
 m - a wand of light (8)
Scrolls
 f - a scroll of brand weapon {unknown}
 n - 2 scrolls of blinking


   Skills:
 + Level 3.1 Fighting
 * Level 4.5 Short Blades
 * Level 3.6 Throwing
 + Level 2.5 Dodging
 * Level 6.6 Stealth
 + Level 0.8 Invocations


You had 5 spell levels left.
You didn't know any spells.
Your spell library contained the following spells:

 Spells                   Type           Power      Damage    Failure   Level
 Static Discharge         Conj/Air       0%         3-3/arc   36%         2
 Dispel Undead            Necr           0%         3d6       94%         4
 Sticky Flame             Conj/Fire      0%         2d3       94%         4


Dungeon Overview and Level Annotations

Branches:
Dungeon (4/15)
 Temple: D:4-7

Altars:
Dithmenos
Elyvilon
Gozag
Makhleb


Innate Abilities, Weirdness & Mutations

You are small and have problems with some larger weapons.
You are completely attuned to the shadows.
You have a pair of small antennae on your head.
Your mind is acute. (Int +4, Str/Dex -1)
You expend magic power (3 MP) to strengthen your wands.


Message History

You closely miss the scorpion.
The scorpion is severely wounded.
You feel sick.
The scorpion stings you but does no damage.
You hit the scorpion.
The scorpion is almost dead.
You feel sick. The scorpion barely misses you.
Unknown command.
You barely miss the scorpion.
The scorpion is almost dead.
You feel sick. The scorpion stings you.
* * * LOW HITPOINT WARNING * * *
You are more poisoned.
The scorpion poisons you!
It was a potion of curing.
You feel better. The scorpion barely misses you.
It was a potion of mutation.
You feel extremely strange.
You feel your magical essence link to the dungeon's wands.
A pair of antennae grows on your head!
You feel clever. The scorpion barely misses you.
You hit the scorpion.
The scorpion is almost dead.
The scorpion misses you.
You hit the scorpion.
You kill the scorpion!
Dithmenos accepts your kill.
You have reached level 6!
Magic restored.
HP restored.
f - a scroll labelled HYVIZAZ COFIORCHU You open the door.
There is an open door here.
There is an open door here.
You open the door.
There is an open door here.
Found a stone staircase leading up.
You sense a monster nearby.
You open the door.
There is an open door here.
Found a stone.
Are you sure you want to abandon this character and quit the game? (Confirm with "yes".)

...#..#........#
##..#######....#
##...+...#....#
#...#...######
###..........#
##.........# {
#........##
##.#####..##
#.@#..##...#
...#....'...#
.(.#....#...#
...#...##..##
#...##..# #....#
##..## #..# #..#


There were no monsters in sight!

Vanquished Creatures
  A scorpion (D:4)
  An orc priest (D:2)
  4 adders (D:2)
  7 worms
  3 dart slugs
  6 orcs
  6 ball pythons
  6 bats
  8 endoplasms
  3 goblins
  5 hobgoblins
  6 jackals (D:3)
  5 kobolds
  2 quokkas (D:1)
  A frilled lizard (D:1)
  5 rats
69 creatures vanquished.

Notes
Turn   | Place    | Note
-------+----------+-------------------------------------------
     0 | D:1      | Gelion the Kobold Brigand began the quest for the Orb.
     0 | D:1      | Reached XP level 1. HP: 12/12 MP: 1/1
   106 | D:1      | Reached XP level 2. HP: 17/17 MP: 2/2
   391 | D:1      | Reached XP level 3. HP: 21/22 MP: 3/3
   959 | D:2      | Found the +5 robe of Night {Dark Will+ SInv}
  1081 | D:2      | Found a faded altar of an unknown god.
  1103 | D:2      | Reached XP level 4. HP: 27/27 MP: 4/4
  1140 | D:2      | Reached skill level 6 in Stealth
  1157 | D:2      | Found an opulent altar of Gozag.
  1475 | D:2      | HP: 1/27 [orc priest/divine providence (11)]
  1477 | D:2      | Reached XP level 5. HP: 1/32 MP: 0/5
  1878 | D:3      | Found a white marble altar of Elyvilon.
  1881 | D:3      | Found a burning altar of Makhleb.
  1882 | D:3      | Found a shadowy altar of Dithmenos.
  1937 | D:3      | Became a worshipper of Dithmenos the Shadowed
  2940 | D:4      | Gained mutation: You expend magic power (3 MP) to
                  | strengthen your wands. [potion of mutation]
  2940 | D:4      | Gained mutation: You have a pair of small antennae on your
                  | head. [potion of mutation]
  2940 | D:4      | Gained mutation: Your mind is acute. (Int +4, Str/Dex -1)
                  | [potion of mutation]
  2943 | D:4      | Reached XP level 6. HP: 16/37 MP: 3/6
  3232 | D:4      | Quit the game

Illustrated notes

Levels and vault maps discovered:
D:1:      lemuel_arrival_lava_pool, layout_basic
D:2:      cheibrodos_pilgrimage, layout_basic, basic_altar,
          hellmonk_ecumenical_altar_arch_garden
D:3:      layout_loops_ring, chequers_temple_overflow_statue_of_worship,
          kennysheep_nondescript, minmay_crystal_water, nicolae_wormholes
D:4:      layout_gridville, nemelex_dance_club_becter, lemuel_round_altar,
          ebering_ghost_reflecting_pool

Skill      XL: |  1  2  3  4  5 |
---------------+----------------+-----
Short Blades   | 3 4 |  4.5
Stealth        | 6 |  6.6
Throwing       | 3 |  3.6
Dodging        | 2 |  2.5
Fighting       | 3 |  3.1
Invocations    | |  0.8

Action                   |  1- 3 |  4- 6 || total
-------------------------+-------+-------++-------
Melee: Dagger            |    68 |   171 ||   239
       Punch             |     1 |       ||     1
Throw: Dart              |     1 |       ||     1
  Use: Potion            |       |     4 ||     4
       Scroll            |       |     4 ||     4
 Stab: Sleeping          |    14 |    21 ||    35
       Distracted        |       |     1 ||     1
Armor: Robe              |    12 |    25 ||    37
Dodge: Dodged            |    26 |    79 ||   105
